 Dungeon Sprint DCSS version 0.17-a0-1805-g6093636 (webtiles) character file.

460 Kidiri the Covert (level 6, -5/28 HPs)
             Began as a Spriggan Enchanter on Sept 12, 2015.
             Was an Initiate of Dithmenos.
             Slain by a blue devil (12 damage)
             ... summoned by a kobold demonologist
             ... in the Dungeon (Sprint III: "The Ten Rune Challenge").
             The game lasted 00:04:42 (493 turns).

Kidiri the Covert (Spriggan Enchanter)               Turns: 493, Time: 00:04:42

Health: -5/28      AC:  5    Str:  4    XL:     6   Next: 78%
Magic:  7/16       EV: 26    Int: 17    God:    Dithmenos [......]
Gold:   16         SH:  0    Dex: 18    Spells: 5 memorised, 10 levels left

rFire  . . .     SeeInvis +     a - +1 dagger
rCold  . . .     Clarity  .     b - +1 robe
rNeg   . . .     SustAt   .     (shield restricted)
rPois  .         Gourm    .     (helmet restricted)
rElec  .         Spirit   .     (no cloak)
rCorr  .         Warding  .     (gloves unavailable)
rMut   .         NoTele   +     (boots unavailable)
MR     +....                    (no amulet)
Stlth  ++++++....               (no ring)
                                (no ring)

@: very quick, somewhat resistant to hostile enchantments, very stealthy
A: unfitting armour, slimy green scales 1, see invisible, herbivore 3, speed 3,
low mp 1, mutation resistance 1, slow metabolism 2, MP-powered wands
a: Renounce Religion


You were in the Dungeon.
You worshipped Dithmenos.
Dithmenos was noncommittal.
You were not hungry.

You visited 1 branch You collected 16 gold pieces.

Inventory:

Hand weapons
 a - a +1 dagger (weapon)
Armour
 b - a +1 robe (worn)
Scrolls
 j - a scroll of blinking
 k - a scroll of random uselessness {unknown}
 m - a scroll of immolation {unknown}
 n - 2 scrolls of identify {unknown}
 o - 4 scrolls of remove curse
 r - a scroll of holy word {unknown}
Potions
 e - 2 potions of curing
 g - a potion of haste
 h - a potion of magic
 p - 3 potions of cure mutation
 q - 3 potions of flight
Comestibles
 d - 2 bread rations
 s - 2 royal jellies


   Skills:
 + Level 5.2 Short Blades
 * Level 10.0 Dodging
 * Level 11.2 Stealth
 * Level 8.6 Spellcasting
 + Level 2.4 Conjurations
 + Level 6.8 Hexes
 + Level 3.2 Ice Magic
 + Level 0.0 Invocations


You had 10 spell levels left.
You knew the following spells:

 Your Spells              Type           Power        Failure   Level  Hunger
a - Corona                Hex            ####...      1%          1    None
b - Ensorcelled Hibernat  Hex/Ice        ###...       1%          2    None
c - Confuse               Hex            ####....     1%          3    #......
d - Tukima's Dance        Hex            ####....     1%          3    #......
e - Dazzling Spray        Conj/Hex       ###.....     6%          3    #......


Dungeon Overview and Level Annotations

Branches:
Dungeon (1/1)

Altars:
Dithmenos
Gozag
Kikubaaqudgha
Makhleb
Nemelex Xobeh
Qazlal
Ru
Sif Muna
Vehumet
Xom
Jiyva
Lugonu


Innate Abilities, Weirdness & Mutations

You are tiny and cannot use many weapons and most armour.
You have supernaturally acute eyesight.
You are a herbivore.
You cover ground extremely quickly.
You need consume almost no food.
You are partially covered in slimy green scales (AC +2).
Your magical capacity is low (-10% MP).
You are somewhat resistant to further mutation.
You expend magic power (3 MP) to strengthen your wands.


Message History

The kobold demonologist is almost dead.
The kobold demonologist is dazzled.
The wizard completely misses you.
The kobold demonologist completely misses you.
The blue devil hits you!
Ouch! That really hurt!
* * * LOW HITPOINT WARNING * * *
You see here a metal-bound book.
Unknown command.
Casting: Dazzling Spray
Confirm with . or Enter, or press ? or * to list all spells.
Aiming: Dazzling Spray
Press: ? - help, Shift-Dir - straight line, f/p - kobold demonologist
Aim: a kobold demonologist, wielding a dagger and wearing a robe (almost dead, blind)
The spray of energy misses the kobold demonologist.
The spray of energy hits the wizard.
The wizard is severely wounded.
The wizard is dazzled.
The blue devil swoops through the air toward you!
The blue devil hits you!
You die...

###....♣♣♣ ♣..# ..#....≈.♣
♣..###+#+###+##
..#...≈≈♣♣♣♣..#..........#
..#..≈≈≈≈♣..♣.'.⌠........#
#'#..≈≈≈≈≈≈♣..#...######+#
..#.≈≈≈≈≈≈....#.⌠.#__#...#
).#.≈≈≈≈≈.....#...#__#...#
..#.≈≈≈.......#p###__#...#
###...........#K@$#__#...+
..............#_4_#_.+...#
▓▓▓▓▓▓▓▓▓▓▓▓▓▓▓▓▓▓▓▓▓▓▓▓▓▓


You could see a wizard (blind), a kobold demonologist (blind) and a blue devil.

Vanquished Creatures
  A shadow (D)
  A spatial vortex (D)
  A water elemental (D)
  A scorpion (D)
  A jelly (D)
  Jessica (D)
  A human (D)
  An ooze (D)
  2 rats (D)
10 creatures vanquished.

Vanquished Creatures (others)
  2 draconian scorchers (D)
  A yaktaur (D)
3 creatures vanquished.

Grand Total: 13 creatures vanquished

Notes
Turn   | Place    | Note
--------------------------------------------------------------
     0 | D        | Kidiri the Spriggan Enchanter began the quest for the Orb.
     0 | D        | Reached XP level 1. HP: 9/9 MP: 5/5
     8 | D        | Reached skill level 5 in Stealth
    42 | D        | Noticed Jessica
    45 | D        | Killed Jessica
    45 | D        | Reached skill level 5 in Dodging
    45 | D        | Reached skill level 6 in Stealth
    45 | D        | Reached XP level 2. HP: 13/13 MP: 6/8
    45 | D        | Reached XP level 3. HP: 16/16 MP: 7/10
    51 | D        | Learned a level 2 spell: Ensorcelled Hibernation
    55 | D        | Learned a level 3 spell: Confuse
    59 | D        | Learned a level 3 spell: Tukima's Dance
    71 | D        | Killed a yaktaur
   111 | D        | Reached skill level 5 in Spellcasting
   131 | D        | Noticed a scorpion
   138 | D        | Killed a scorpion
   138 | D        | Reached skill level 7 in Stealth
   138 | D        | Reached skill level 5 in Hexes
   138 | D        | Reached skill level 1 in Ice Magic
   138 | D        | Reached XP level 4. HP: 21/21 MP: 10/12
   145 | D        | Learned a level 3 spell: Dazzling Spray
   159 | D        | Gained mutation: Your magical capacity is low (-10% MP). [potion of mutation]
   159 | D        | Gained mutation: You are partially covered in slimy green scales (AC +2). [potion of mutation]
   159 | D        | Gained mutation: You are somewhat resistant to further mutation. [potion of mutation]
   160 | D        | Gained mutation: You expend magic power (3 MP) to strengthen your wands. [potion of mutation]
   183 | D        | Noticed a water elemental
   185 | D        | Killed a white draconian scorcher
   196 | D        | Killed a water elemental
   196 | D        | Reached skill level 8 in Stealth
   196 | D        | Reached XP level 5. HP: 24/24 MP: 11/13
   198 | D        | Killed a white draconian scorcher
   257 | D        | Noticed a jelly
   258 | D        | Noticed a shadow
   350 | D        | Noticed a spatial vortex
   356 | D        | Killed a spatial vortex
   356 | D        | Reached skill level 10 in Stealth
   356 | D        | Reached skill level 1 in Conjurations
   356 | D        | Reached XP level 6. HP: 5/28 MP: 7/15
   382 | D        | Killed a shadow
   382 | D        | Reached skill level 5 in Short Blades
   382 | D        | Reached skill level 11 in Stealth
   388 | D        | Killed a jelly
   388 | D        | Reached skill level 10 in Dodging
   451 | D        | Found a stormy altar of Qazlal.
   456 | D        | Found a sacrificial altar of Ru.
   456 | D        | Found a burning altar of Makhleb.
   456 | D        | Found a viscous altar of Jiyva.
   456 | D        | Found a shimmering altar of Xom.
   456 | D        | Found a shadowy altar of Dithmenos.
   456 | D        | Found a sparkling altar of Nemelex Xobeh.
   456 | D        | Found a corrupted altar of Lugonu.
   456 | D        | Found an opulent altar of Gozag.
   460 | D        | Became a worshipper of Dithmenos the Shadowed
   485 | D        | Found a radiant altar of Vehumet.
   486 | D        | Found a deep blue altar of Sif Muna.
   486 | D        | Found an ancient bone altar of Kikubaaqudgha.
   486 | D        | Noticed a wizard
   490 | D        | Noticed a blue devil
   493 | D        | Slain by a blue devil

Vault maps used:
D:        dungeon_sprint_mu

Action                   |  1- 3 |  4- 6 || total
-------------------------+-------+-------++-------
Melee: Dagger            |    11 |    12 ||    23
 Cast: Ensorcelled Hiber |     2 |     1 ||     3
       Dazzling Spray    |       |     8 ||     8
  Use: Potion            |       |     5 ||     5
 Stab: Sleeping          |     6 |     2 ||     8
